 Dungeon Crawl Stone Soup version 0.29-a0-418-gc0181ea820 (webtiles) character file.

Game seed: 12366261441968065457

25 xian the Skirmisher (level 2, -2/27 HPs)
             Began as a Draconian Fighter on May 18, 2022.
             Slain by a hobgoblin (4 damage)
             ... on level 2 of the Dungeon.
             The game lasted 00:03:00 (1057 turns).

xian the Skirmisher (Draconian Fighter)             Turns: 1057, Time: 00:03:02

Health: -2/27      AC:  4    Str: 18    XL:     2   Next: 82%
Magic:  2/2        EV: 12    Int:  8    God:
Gold:   118        SH:  4    Dex: 10    Spells: 1/1 levels left

rFire   . . .      SeeInvis .   a - +0 long sword
rCold   . . .      Faith    .   b - +0 buckler
rNeg    . . .      Spirit   .   (body armour unavailable)
rPois   .          Reflect  .   (helmet restricted)
rElec   .          Harm     .   (no cloak)
rCorr   .          Rampage  .   (no gloves)
Will    .....                   (no boots)
Stlth   +.........              (no amulet)
HPRegen 0.09/turn               (no ring)
MPRegen 0.08/turn               (no ring)

@: lethally poisoned (-2 -> -10)
A: AC +4, unfitting armour, cold-blooded
a: no special abilities


You were on level 2 of the Dungeon.
You visited 1 branch of the dungeon, and saw 2 of its levels.

You collected 118 gold pieces.

Inventory:

Hand Weapons
 a - a +0 long sword (weapon)
Armour
 b - a +0 buckler (worn)
Scrolls
 d - a scroll of summoning {unknown}
 e - a scroll of vulnerability {unknown}
 g - 2 scrolls of identify {unknown}
 j - a scroll of immolation {unknown}
Potions
 c - a potion of might
 f - 2 potions of curing {unknown}
 h - a potion of lignification {unknown}
 i - a potion of brilliance {unknown}


   Skills:
 + Level 3.8 Fighting
 + Level 2.3 Long Blades
 + Level 2.9 Dodging
 + Level 3.2 Shields


You had one spell level left.
You didn't know any spells.
Your spell library was empty.

Dungeon Overview and Level Annotations

Branches:
Dungeon (2/15)

Altars:


Innate Abilities, Weirdness & Mutations

Your plain brown scales are hard. (AC +4)
You cannot fit into any form of body armour.
You are cold-blooded and may be slowed by cold attacks.


Message History

A hobgoblin comes into view.
The kobold hits you with a +0 short sword.
You barely miss the kobold. The kobold barely misses you.
You barely miss the kobold. The hobgoblin hits you.
The kobold closely misses you. The hobgoblin hits you.
The kobold closely misses you. The hobgoblin barely misses you.
The kobold throws a stone.
The stone closely misses you.
There are monsters nearby!
You block the adder's attack.
You barely miss the adder. The adder closely misses you.
The adder bites you but does no damage.
You hit the adder.
The adder is heavily wounded.
The adder bites you.
You are poisoned.
The adder poisons you! The hobgoblin barely misses you. The adder bites you.
You are more poisoned.
The adder poisons you! The hobgoblin barely misses you.
You feel very sick.
You feel sick. The adder closely misses you.
The hobgoblin attacks as you move away! The hobgoblin barely misses you.
The adder attacks as you move away! The adder bites you.
You feel sick.
You barely miss the adder.
You tail-slap the adder, but do no damage.
The adder is heavily wounded.
You feel sick. The adder bites you but does no damage.
You barely miss the adder.
The adder is heavily wounded.
You feel sick. You block the adder's attack.
The adder bites you but does no damage.
The hobgoblin hits you but does no damage.
The hobgoblin barely misses you.
You miss the adder.
Your tail-slap misses the adder.
The adder is heavily wounded.
You feel sick. The adder bites you.
* * * LOW HITPOINT WARNING * * *
You are more poisoned.
The adder poisons you! The hobgoblin hits you.
You die...

. .........##....#
.#........##....#
.........###....###
#..#####...(......#
?.....##..........#
.......#..........#
..................#
.............gg...#
............KS@...#
........###########
........# .....(..#
..>.....# #.......#
#####...# #####


You could see an adder, 2 hobgoblins and a kobold.

Vanquished Creatures
  A dart slug (D:1)
  3 bats
  An endoplasm (D:1)
  A giant cockroach (D:2)
  2 hobgoblins (D:1)
  A kobold (D:1)
  2 quokkas (D:1)
  2 ball pythons
  A frilled lizard (D:2)
  5 goblins
19 creatures vanquished.

Notes
Turn   | Place    | Note
-------+----------+-------------------------------------------
     0 | D:1      | xian the Draconian Fighter began the quest for the Orb.
     0 | D:1      | Reached XP level 1. HP: 19/19 MP: 1/1
   364 | D:1      | Found a faded altar of an unknown god.
   380 | D:1      | Reached XP level 2. HP: 23/26 MP: 2/2
  1057 | D:2      | Slain by a hobgoblin

Illustrated notes

Levels and vault maps discovered:
D:1:      dpeg_arrival_castle, layout_basic, ebering_ecumenical_altar_box,
          dreamdust_wishing_well
D:2:      layout_rooms, serial_shops, nicolae_diamond_shop, minmay_pentomino_q4

Action                   || total
-------------------------++-------
Melee: Long sword        ||    56
       Tailslap          ||     8
Armor: Skin              ||    22
Dodge: Dodged            ||    46
Block: Buckler           ||    13

Table legend: (Time is in decaauts)
 A = Elapsed time spent in this place.
 B = Non-inter-level travel time spent in this place.
 C = Inter-level travel time spent in this place.
 D = Time resting spent in this place.
 E = Time spent auto-exploring this place.
 F = Levels seen in this place.
 G = Mean time per level.
                   A        B        C        D        E       F      G
               +--------+--------+--------+--------+--------+-----+--------+
         Total |   1080 |   1080 |      0 |      0 |    818 |   2 |  540.0 |
       Dungeon |   1080 |   1080 |      0 |      0 |    818 |   2 |  540.0 |
               +--------+--------+--------+--------+--------+-----+--------+

Top non-repeatable levels by time:
     D:1: 860 daAuts
     D:2: 220 daAuts
